 Dungeon Crawl Stone Soup version 0.30-a0-1008-g30c9307041 (webtiles) character file.

Game seed: 10002716987618026636

79 Jackthecabe the Conjurer (level 3, -2/26 HPs)
             Began as a Demigod Conjurer on Apr 6, 2023.
             Slain by Crazy Yiuf
             ... wielding a +3 quarterstaff of chaos
              (17 damage)
             ... on level 3 of the Dungeon.
             The game lasted 00:04:42 (2646 turns).

Jackthecabe the Conjurer (Demigod Conjurer)         Turns: 2646, Time: 00:04:42

Health: -2/26      AC:  2    Str:  8    XL:     3   Next: 95%
Magic:  6/10       EV: 27    Int: 24    God:
Gold:   164        SH:  0    Dex: 12    Spells: 4/7 levels left

rFire   . . .      SeeInvis .    d - staff of conjuration {!a}
rCold   + . .      Faith    .    (no shield)
rNeg    . . .      Spirit   .    a - +0 robe
rPois   .          Reflect  .    (no helmet)
rElec   .          Rampage  .    (no cloak)
rCorr   .                        (no gloves)
Will    .....                    (no boots)
Stlth   ++                       m - amulet of the acrobat
HPRegen 0.24/turn                C - ring of protection from cold
MPRegen 0.12/turn                (no ring)

@: acrobatic
A: high MP 1, forlorn, divine attributes
a: no special abilities


You were on level 3 of the Dungeon.
You visited 1 branch of the dungeon, and saw 3 of its levels.

You collected 164 gold pieces.


Innate Abilities, Weirdness & Mutations

You have an increased reservoir of magic. (+10% MP)
You shall have no god before yourself.
Your divine heritage dramatically boosts your attributes as you level up.


   Skills:
 - Level 1.7 Dodging
 - Level 1.7 Stealth
 + Level 2.9 Spellcasting
 + Level 4.4 Conjurations


You had 4 spell levels left.
You knew the following spells:

 Your Spells              Type           Power      Damage    Failure   Level
m - Magic Dart            Conj           100%       1d8       1%          1
s - Searing Ray           Conj           74%        2d7       2%          2

Your spell library contained the following spells:

 Spells                   Type           Power      Damage    Failure   Level
 Shock                    Conj/Air       84%        1d8       4%          1
 Dazzling Flash           Conj/Hex       42%        N/A       13%         3
 Ensorcelled Hibernation  Hex/Ice        6%         N/A       17%         2
 Passwall                 Tmut/Erth      2%         N/A       17%         2
 Sublimation of Blood     Necr           3%         N/A       17%         2
 Spider Form              Tmut/Pois      3%         N/A       32%         3
 Swiftness                Air            3%         N/A       32%         3
 Fulminant Prism          Conj/Hex       10%        3d9       41%         4
 Iskenderun's Mystic Bla  Conj/Tloc      21%        2d6       41%         4
 Olgreb's Toxic Radiance  Pois           3%         N/A       73%         4
 Petrify                  Tmut/Erth      3%         N/A       73%         4
 Summon Lightning Spire   Summ/Air       3%         N/A       73%         4
 Irradiate                Conj/Tmut      10%        3d15      77%         5
 Storm Form               Tmut/Air       1%         N/A       100%        7
 Maxwell's Capacitive Co  Air            1%         ∞         100%        8

Inventory:

Hand Weapons
 i - a +1 dagger of venom
Missiles
 k - 3 poisoned darts
Armour
 a - a +0 robe (worn)
Magical Staves
 d - a staff of conjuration (weapon) {!a}
Jewellery
 m - an amulet of the acrobat (around neck)
 C - a ring of protection from cold (left hand)
Scrolls
 e - a scroll of identify {unknown}
 f - a scroll of summoning {unknown}
 g - 2 scrolls of vulnerability {unknown}
 h - 2 scrolls of teleportation {unknown}
 j - a scroll of enchant weapon {unknown}
 p - a scroll of amnesia {unknown}
 q - a scroll of magic mapping {unknown}
Potions
 b - a potion of magic
 c - a potion of might
 l - a potion of invisibility {unknown}
 n - a potion of lignification {unknown}
 o - a potion of brilliance {unknown}

Dungeon Overview and Level Annotations

Branches:
Dungeon (3/15)

Shops:
D:2 [

Annotations:
D:3 Crazy Yiuf

##..####.# #....#
#.## #.PP.# #..#
##.P.# #..# ##.##
#..# ##.#
#..######### #.##
#..'........ ##.#
#..######### #@##
#...<....... ▒g▒
#.##.####### ...
#.##.# ▒...▒ #.##.#
▒)..▒ #.##.# ▒▒▒▒▒
#.##.# #..#.#
##########..#.#######
#....................


You could see Crazy Yiuf (strong).


Message History

There is an open door here.
Found 11 gold pieces.
You now have 164 gold pieces (gained 11).
There is an open door here.
You see here a +0 sling.
Could not explore, unopened runed door.
Press: ? - help, v - describe, . - travel, g - get item Item here: the +6 shillelagh "Devastator" {shatter}.
The floor.
You open the door.
Casting: Searing Ray (safe; 2% risk of failure)
Confirm with . or Enter, or press ? or * to list all spells.
Aiming: Searing Ray (safe; 2% risk of failure)
Press: ? - help, Shift-Dir - straight line, f - Crazy Yiuf
Aim: Crazy Yiuf, wielding a +3 quarterstaff of chaos and wearing a +0 cloak (83% to hit)
You feel a surge of power!
The searing ray hits Crazy Yiuf.
Crazy Yiuf is moderately wounded. (Press . to maintain the ray.) Crazy Yiuf screams, "Buddy forty-two sallow!"
Crazy Yiuf hits you with a +3 quarterstaff of chaos!
Crazy Yiuf burns you.
The searing ray hits Crazy Yiuf.
Crazy Yiuf is moderately wounded.
Crazy Yiuf drinks a potion.
Crazy Yiuf seems to grow stronger.
The searing ray hits Crazy Yiuf!
Crazy Yiuf is severely wounded.
Crazy Yiuf twirls on the spot.
Crazy Yiuf hits you with a +3 quarterstaff of chaos!
Ouch! That really hurt!
You die...

Skill      XL: |  1  2 |
---------------+-------+-----
Spellcasting   | 2 |  2.9
Conjurations   | 4 |  4.4
Dodging        | |  1.7
Stealth        | |  1.7

Action                     || total
---------------------------++-------
  Melee: Dagger            ||     2
   Cast: Magic Dart        ||    69
         Searing Ray       ||     5
 Armour: Robe              ||     3
  Dodge: Dodged            ||     6

Levels and vault maps discovered:
D:1:      dpeg_arrival_orchard, layout_rooms
D:2:      layout_basic, serial_shops, nicolae_shop_stone, hangedman_glass_teeth
D:3:      layout_basic, grunt_ministairs_14, uniq_crazy_yiuf_cottage

Notes
Turn   | Place    | Note
-------+----------+-------------------------------------------
     0 | D:1      | Jackthecabe the Demigod Conjurer began the quest for the
                  | Orb.
     0 | D:1      | Reached XP level 1. HP: 14/14 MP: 5/5
   271 | D:1      | Reached skill level 2 in Spellcasting
   401 | D:1      | Reached XP level 2. HP: 20/20 MP: 1/7
   706 | D:2      | Learned a level 2 spell: Searing Ray
   722 | D:2      | Reached skill level 4 in Conjurations
   990 | D:2      | Reached XP level 3. HP: 26/26 MP: 7/9
  1340 | D:2      | Found Juiseqen's Armour Shoppe.
  1754 | D:3      | Found a runed translucent door.
  1754 | D:3      | Found the +6 shillelagh "Devastator" {shatter}
  1755 | D:3      | Noticed Crazy Yiuf
  2405 | D:3      | Got the Atlas of Nocuous Striking
  2646 | D:3      | Slain by Crazy Yiuf

Vanquished Creatures
  3 adders
  2 worms
  A dart slug (D:2)
  An orc (D:3)
  7 ball pythons
  4 bats
  2 endoplasms
  A giant cockroach (D:2)
  3 hobgoblins
  4 jackals (D:3)
  6 kobolds
  2 quokkas (D:2)
  2 frilled lizards (D:3)
  3 goblins
  2 rats
43 creatures vanquished.

Table legend: (Time is in decaauts)
 A = Elapsed time spent in this place.
 B = Non-inter-level travel time spent in this place.
 C = Inter-level travel time spent in this place.
 D = Time resting spent in this place.
 E = Time spent auto-exploring this place.
 F = Levels seen in this place.
 G = Mean time per level.
                   A        B        C        D        E       F      G
               +--------+--------+--------+--------+--------+-----+--------+
         Total |   2642 |   2596 |     46 |     78 |   2252 |   3 |  880.7 |
       Dungeon |   2642 |   2596 |     46 |     78 |   2252 |   3 |  880.7 |
               +--------+--------+--------+--------+--------+-----+--------+

Top non-repeatable levels by time:
     D:2: 1020 daAuts
     D:3: 920 daAuts
     D:1: 701 daAuts

Table legend:
 A = Non-vault XP
 B = Vault XP
 C = Vault XP percentage of total XP
 D = Non-vault monster count
 E = Vault monster count
 F = Vault count percentage of total count
                 A         B        C        D         E       F
            +---------+---------+-------+---------+---------+-------
      Total |      95 |      18 |  15.9 |      41 |       2 |   4.7
            +---------+---------+-------+---------+---------+-------
        D:1 |      18 |       0 |   0.0 |      12 |       0 |   0.0
        D:2 |      61 |       0 |   0.0 |      20 |       0 |   0.0
        D:3 |      16 |      18 |  52.9 |       9 |       2 |  18.2
            +---------+---------+-------+---------+---------+-------
